 Dungeon Crawl Stone Soup version 0.28-a0-1382-g92835e5c71 (webtiles) character file.

Game seed: 10827173818891919726

23 enile the Sneak (level 2, -1/19 HPs)
             Began as an Octopode Wanderer on Jan 2, 2022.
             Slain by a gnoll (6 damage)
             ... on level 1 of the Dungeon.
             The game lasted 00:02:27 (1218 turns).

enile the Sneak (Octopode Wanderer)                 Turns: 1218, Time: 00:02:27

Health: -1/19      AC:  1    Str: 12    XL:     2   Next: 95%
Magic:  1/3        EV: 13    Int: 13    God:
Gold:   32         SH:  0    Dex: 11    Spells: 1/3 levels left

rFire   . . .      SeeInvis .   a - +2 short sword (freeze)
rCold   . . .      Faith    .   (no shield)
rNeg    . . .      Spirit   .   b - +0 hat
rPois   .          Reflect  .   (no amulet)
rElec   .          Harm     .   (no ring)
rCorr   .          Rampage  .   (no ring)
Will    .....                   (no ring)
Stlth   +++.......              (no ring)
HPRegen 0.06/turn               (no ring)
MPRegen 0.08/turn               (no ring)
                                (no ring)
                                (no ring)

@: very slightly contaminated
A: almost no armour, amphibious, 8 rings, camouflage 1, gelatinous body 1,
(nimble swimmer 1), tentacles
a: no special abilities


You were on level 1 of the Dungeon.
You visited 1 branch of the dungeon, and saw 2 of its levels.

You collected 32 gold pieces.

Inventory:

Hand Weapons
 a - a +2 short sword of freezing (weapon)
Armour
 b - a +0 hat (worn)
Jewellery
 f - an amulet of reflection
Scrolls
 g - a scroll of enchant armour {unknown}
 j - a scroll of teleportation {unknown}
Potions
 c - a potion of might {unknown}
 d - a potion of invisibility {unknown}
 e - 2 potions of attraction {unknown}
 i - 2 potions of curing {unknown}


   Skills:
 - Level 2.0 Fighting
 - Level 2.0 Short Blades
 - Level 2.0 Dodging
 + Level 3.5 Stealth
 - Level 1.0 Spellcasting
 - Level 2.0 Air Magic
 - Level 1.1 Evocations


You had one spell level left.
You knew the following spells:

 Your Spells              Type           Power      Damage    Failure   Level
a - Static Discharge      Conj/Air       3%         N/A       28%         2

Your spell library contained the following spells:

 Spells                   Type           Power      Damage    Failure   Level
 Corpse Rot               Necr/Air       6%         N/A       28%         2


Dungeon Overview and Level Annotations

Branches:
Dungeon (2/15)

Altars:


Innate Abilities, Weirdness & Mutations

You cannot wear most types of armour.
You are amphibious.
You can wear up to eight rings at the same time.
Your skin changes colour to match your surroundings (Stealth+).
Your rubbery body absorbs attacks. (AC +1, EV +1)
((You are camouflaged when in or above water. (Stealth+)))
You have tentacles for arms and can constrict up to eight enemies at once.


Message History

Confirm with . or Enter, or press ? or * to list all spells.
The ball python is struck by an arc of lightning!
You kill the ball python!
You are struck by an arc of lightning.
The lightning grounds out.
Key pressed, stopping explore.
Done exploring.
Done exploring.
(D) Dungeon
Where to? (? - help)
There is a stone staircase leading down here.
You climb downwards.
Found a leather armour.
There is a stone staircase leading up here.
A gnoll comes into view. It is wielding a +0 whip.
The gnoll shouts!
You hear a shout! x2; You hear an angry hiss.
A gnoll comes into view. It is wielding a +0 spear.
There are monsters nearby!
Casting: Static Discharge (extremely dangerous; 28% risk of failure)
Confirm with . or Enter, or press ? or * to list all spells.
You miscast Static Discharge.
You are very lightly contaminated with residual magic.
Nothing appears to happen.
The gnoll hits you with a +0 whip!
Unknown command.
The gnoll misses you.
A kobold comes into view. It is wielding a +0 dagger.
There is a stone staircase leading up here.
The gnoll barely misses you.
You climb upwards.
There is a stone staircase leading down here.
Throw: throwing net
Press: ? - help, Q - select action Shift-Dir - straight line, f - gnoll
Aim: a gnoll, wielding a +0 whip (60% to hit)
You throw a throwing net.
The throwing net barely misses the gnoll.
The gnoll hits you with a +0 whip.
* * * LOW HITPOINT WARNING * * *
You completely miss the gnoll. Your grab misses the gnoll.
You squeeze the gnoll, but do no damage.
The gnoll hits you with a +0 whip.
You die...

#############
#..(........#
#...........#
#...........#
#..g........########
#####..@................
##...#.#....#..##########
#......#...........(.....
#..#.#.........#########.
#..........#.#### #.
#..#.....#.#....# #.
###.#.........##.# #.
#...........####.#########
#####.)...### #.##.....#


You could see a gnoll.

Vanquished Creatures
  A dart slug (D:1)
  3 ball pythons (D:1)
  An endoplasm (D:1)
  A giant cockroach (D:1)
  A goblin (D:1)
  2 hobgoblins (D:1)
  2 kobolds (D:1)
  5 bats (D:1)
  A frilled lizard (D:1)
  3 rats (D:1)
20 creatures vanquished.

Notes
Turn   | Place    | Note
-------+----------+-------------------------------------------
     0 | D:1      | enile the Octopode Wanderer began the quest for the Orb.
     0 | D:1      | enile set off with the following items: a +2 short sword, a
                  | +0 hat; and the following spells available to memorise:
                  | Corpse Rot, Static Discharge
     0 | D:1      | Reached XP level 1. HP: 11/11 MP: 2/2
   233 | D:1      | Reached skill level 1 in Fighting
   400 | D:1      | Reached XP level 2. HP: 3/18 MP: 3/3
   828 | D:1      | Learned a level 2 spell: Static Discharge
   890 | D:1      | Reached skill level 3 in Stealth
  1014 | D:1      | Found a faded altar of an unknown god.
  1218 | D:1      | Slain by a gnoll

Illustrated notes

Levels and vault maps discovered:
D:1:      minmay_arrival_five_plusses, layout_basic,
          hellmonk_ecumenical_altar_heavens_door, minmay_hedge_maze
D:2:      layout_loops_ring, minmay_misc_feat_roman, uniq_sigmund, uniq_terence

Skill      XL: |  1  2 |
---------------+-------+-----
Fighting       | 1 2 |  2.0
Stealth        | 3 |  3.5
Short Blades   | |  2.0
Dodging        | |  2.0
Spellcasting   | |  1.0
Air Magic      | |  2.0
Evocations     | |  1.1

Action                   || total
-------------------------++-------
Melee: Short sword       ||    48
       Constrict         ||     4
       Tentacles         ||     7
Throw: Throwing net      ||     1
 Cast: Static Discharge  ||     3
  Use: Scroll            ||     2
 Stab: Sleeping          ||     9
Armor: Skin              ||     2
Dodge: Dodged            ||    16

Table legend: (Time is in decaauts)
 A = Elapsed time spent in this place.
 B = Non-inter-level travel time spent in this place.
 C = Inter-level travel time spent in this place.
 D = Time resting spent in this place.
 E = Time spent auto-exploring this place.
 F = Levels seen in this place.
 G = Mean time per level.
                   A        B        C        D        E       F      G
               +--------+--------+--------+--------+--------+-----+--------+
         Total |   1218 |   1213 |      5 |      0 |   1033 |   2 |  609.0 |
       Dungeon |   1218 |   1213 |      5 |      0 |   1033 |   2 |  609.0 |
               +--------+--------+--------+--------+--------+-----+--------+

Top non-repeatable levels by time:
     D:1: 1211 daAuts
     D:2: 6 daAuts
